 Dungeon Crawl Stone Soup version 0.29-a0-234-g0dae59b3db (webtiles) character file.

Game seed: 10359018481570048331

116 Orangeyouglad the Skirmisher (level 4, 0/39 HPs)
             Began as a Palentonga Fighter on Mar 3, 2022.
             Was a Believer of Elyvilon.
             Slain by Grinder (2 damage)
             ... on level 3 of the Dungeon.
             The game lasted 00:04:43 (2199 turns).

Orangeyouglad the Skirmisher (Palentonga Fighter)   Turns: 2199, Time: 00:04:43

Health: 0/39       AC:  7    Str: 21    XL:     4   Next: 70%
Magic:  4/4        EV:  7    Int: 15    God:    Elyvilon [**....]
Gold:   112        SH:  0    Dex:  9    Spells: 3/3 levels left

rFire   . . .      SeeInvis +   o - +1 glaive (vorpal)
rCold   . . .      Faith    .   (shield currently unavailable)
rNeg    . . .      Spirit   .   b - +0 scale mail
rPois   .          Reflect  .   g - +0 helmet
rElec   .          Harm     .   (no cloak)
rCorr   .          Rampage  .   (no gloves)
Will    .....                   (no barding)
Stlth   ..........              f - amulet of the acrobat
HPRegen 0.13/turn               i - +6 ring of intelligence
MPRegen 0.09/turn               (no ring)

@: no status effects
A: large, rugged brown scales 3, see invisible, deformed body, roll 1, armoured
tail
a: Rolling Charge, Renounce Religion, Purification, Heal Other


You were on level 3 of the Dungeon.
You worshipped Elyvilon.
Elyvilon was pleased with you.
You visited 1 branch of the dungeon, and saw 3 of its levels.

You collected 112 gold pieces.

Inventory:

Hand Weapons
 a - a +0 flail
 o - a +1 vorpal glaive (weapon)
Armour
 b - a +0 scale mail (worn)
 c - a +0 buckler
 g - a +0 helmet (worn)
Jewellery
 f - an amulet of the acrobat (around neck)
 i - a +6 ring of intelligence (left hand)
Wands
 n - a wand of paralysis (13)
Scrolls
 e - 3 scrolls of identify {unknown}
 h - a scroll of blinking {unknown}
 l - a scroll of silence {unknown}
Potions
 d - a potion of might
 j - a potion of cancellation {unknown}
 k - 2 potions of heal wounds {unknown}
 m - a potion of haste {unknown}


   Skills:
 + Level 3.7 Fighting
 + Level 3.0 Maces & Flails
 + Level 3.0 Armour
 + Level 3.1 Shields


You had 3 spell levels left.
You didn't know any spells.
Your spell library was empty.

Dungeon Overview and Level Annotations

Branches:
Dungeon (3/15)

Altars:
Elyvilon

Annotations:
D:3 Grinder


Innate Abilities, Weirdness & Mutations

You are completely covered in rugged brown scales. (AC +3, +7% HP)
You have supernaturally acute eyesight. (SInv)
Armour fits poorly on your strangely shaped body.
You can roll at nearby foes to attack.
You have a long armoured tail.


Message History

You see here a +1 vorpal glaive.
o - a +1 vorpal glaive
Found a stone staircase leading up.
You see here a +0 flail.
There is a stone staircase leading up here.
You climb upwards.
There is a stone staircase leading down here.
You start resting.
HP restored.
You climb downwards.
Level annotation: Grinder
There is a stone staircase leading up here.
You can't wield that with only one hand.
You see here a +0 flail.
There is a stone staircase leading up here.
You climb upwards.
There is a stone staircase leading down here.
You can't wield that with only one hand.
Okay, then.
Okay, then.
You start removing your armour.
You continue taking off your +0 buckler. x4
You finish taking off your +0 buckler.
Okay, then.
o - a +1 vorpal glaive (weapon)
You climb downwards.
Level annotation: Grinder Grinder gestures at you.
Pain shoots through your body! Grinder gestures at you.
Pain shoots through your body!
There is a stone staircase leading up here.
You barely miss Grinder. Grinder gestures at you.
Pain shoots through your body!
* * * LOW HITPOINT WARNING * * *
Grinder hits you! Elyvilon protects you from harm!
You barely miss Grinder. Grinder hits you.
You die...

#.#+##...
###########........
#..................
#.#########........
#.###### #.......#
#.##...# #.......#
#......# #.......#
#..5...####.......#
#)@............####
#<##...........+
#.##...........#
#..............#
###........#####
#........#
#........#
#........#
..........#


You could see Grinder.

Vanquished Creatures
  An orc priest (D:3)
  An orc wizard (D:2)
  An adder (D:2)
  A worm (D:2)
  2 dart slugs (D:2)
  7 orcs
  2 endoplasms
  A giant cockroach (D:1)
  6 goblins
  3 hobgoblins (D:1)
  4 jackals
  A quokka (D:2)
  A ball python (D:1)
  4 bats
  4 rats
39 creatures vanquished.

Notes
Turn   | Place    | Note
-------+----------+-------------------------------------------
     0 | D:1      | Orangeyouglad the Palentonga Fighter began the quest for
                  | the Orb.
     0 | D:1      | Reached XP level 1. HP: 19/19 MP: 1/1
    47 | D:1      | Found a faded altar of an unknown god.
    56 | D:1      | Prayed at the altar of an unknown god.
    56 | D:1      | Became a worshipper of Elyvilon the Healer
    56 | D:1      | Reached * piety under Elyvilon
   194 | D:1      | Reached XP level 2. HP: 25/25 MP: 2/2
   773 | D:2      | Reached ** piety under Elyvilon
   876 | D:2      | Reached XP level 3. HP: 31/31 MP: 3/3
  1300 | D:2      | Reached XP level 4. HP: 37/37 MP: 4/4
  1950 | D:3      | Noticed Grinder
  2198 | D:3      | Elyvilon protects you from harm!
  2199 | D:3      | Slain by Grinder

Illustrated notes

Levels and vault maps discovered:
D:1:      ncdulo_smallfort, layout_rooms, ebering_ecumenical_altar_webs
D:2:      layout_basic
D:3:      layout_basic, uniq_ijyb, uniq_grinder

Skill      XL: |  1  2  3  4 |
---------------+-------------+-----
Shields        | 3 |  3.1
Armour         | 3 |  3.0
Maces & Flails | 3 |  3.0
Fighting       | |  3.7

Action                   |  1- 3 |  4- 6 || total
-------------------------+-------+-------++-------
Melee: Flail             |    65 |    25 ||    90
       Tailslap          |     8 |     6 ||    14
       Glaive            |       |     2 ||     2
 Abil: Rolling Charge    |     9 |     2 ||    11
Armor: Scale mail        |    32 |     7 ||    39
Dodge: Dodged            |    29 |    14 ||    43
Block: Buckler           |     8 |     7 ||    15

Table legend: (Time is in decaauts)
 A = Elapsed time spent in this place.
 B = Non-inter-level travel time spent in this place.
 C = Inter-level travel time spent in this place.
 D = Time resting spent in this place.
 E = Time spent auto-exploring this place.
 F = Levels seen in this place.
 G = Mean time per level.
                   A        B        C        D        E       F      G
               +--------+--------+--------+--------+--------+-----+--------+
         Total |   2228 |   2115 |    113 |    208 |   1528 |   3 |  742.7 |
       Dungeon |   2228 |   2115 |    113 |    208 |   1528 |   3 |  742.7 |
               +--------+--------+--------+--------+--------+-----+--------+

Top non-repeatable levels by time:
     D:2: 1518 daAuts
     D:1: 587 daAuts
     D:3: 122 daAuts
